AoeStats
← Colimanco

Arabia

509918077Analyzed
1v1 RM · 2d ago on Sep 28, 2026· 31m 1s· 2 players
Game mode
Random Map
Map size
Tiny (2 player)
Population
200
Speed
Normal
Resources
Standard
Victory
Conquest
Starting age
Dark Age
Ending age
Imperial Age
RankedLock teamsTeams togetherTeam positionsShared explorationLock speedFull tech treeHidden civsTurbo modeCheats
Victory
Defeat
🇬🇧 Celts · United Kingdom
932
+17
🇦🇷 Byzantines · Argentina
963
-36
TeatedLattice72
7:15 Loom
9:42 Feudal Age
10:42 Man-at-Arms
11:32 Double-Bit Axe
15:04 Scale Mail Armor
15:05 Town Watch
21:50 Castle Age
20:22 Scale Barding Armor
20:30 Forging
20:26 Horse Collar
21:41 Scale Barding Armor
23:00 Chain Barding Armor
Colimanco
7:36 Loom
9:51 Feudal Age
10:34 Double-Bit Axe
21:02 Fletching
23:04 Horse Collar
27:26 Castle Age
27:25 Padded Archer Armor
27:22 Gold Mining
27:39 Crossbowman
29:49 Light Cavalry
Connection lost

Rejoining the realm…

Still unreachable

The connection could not be restored.

Session expired

The server has moved on; the page needs a fresh start.